Atomiques vs Gangsters
Created - 7 janvier 2017 at 20:35
Goals
|
Atomiques |
1 |
1 |
1 |
3 |
Gangsters |
1 |
1 |
2 |
4 |
|
Shots
|
Atomiques |
8 |
14 |
8 |
30 |
Gangsters |
8 |
11 |
9 |
28 |
|
1st period
1. Atomiques , Alex Berry 9 (Brett Sutter, Alexander Sulzer) at 0:54
2. Gangsters , Ryan Johansen 21 (Nathan Gerbe) at 9:48 (PP)
Penalties :
Kenndal McArdle (STB) for Holding (Minor) at 9:42
2nd period
3. Gangsters , Mikko Lehtonen 9 (Michael Sdao, Ryan Johansen) at 12:07
4. Atomiques , Branko Radivojevic 19 (Kenndal McArdle, Alexander Sulzer) at 12:21
Penalties :
Eric Mestery (STB) for Slashing (Minor) at 2:19, Phillip Danault (Bro) for Tripping (Minor) at 7:21, Michael Sdao (Bro) for Interference (Minor) at 14:07
3rd period
5. Gangsters , Colten Teubert 2 (Shaun Heska, Dustin Tokarski) at 5:07
6. Atomiques , Branko Radivojevic 20 (Davis Drewiske, Kenndal McArdle) at 12:57
7. Gangsters , Maxime Sauvé 18 (Patrik Nemeth) at 19:17 (PP)
Penalties :
Ryan Shannon (STB) for Roughing (Minor) at 5:48, Stefan Noesen (Bro) for High sticking (Minor) at 8:32, Colten Teubert (Bro) for Hooking (Minor) at 13:04, Joseph Cramarossa (STB) for Hooking (Minor) at 17:18
Goalie Stats
Sergei Bobrovsky (STB), 24 saves from 28 shots - (0,857), L, 14-10-1, 60:00 minutes
Dustin Tokarski (Bro), 27 saves from 30 shots - (0,900), W, 6-2-2, 60:00 minutes
Players Stats for Atomiques
Player Name G A P +/- PIM S H SB GA TA FO MP PP MP PK MP
------------------------------------------------------------------------------------
Alex Berry 1 0 1 0 0 2 0 1 0 0 0/0 12:15 0:08 1:31
Alexander Sulzer 0 2 2 0 0 6 5 1 0 0 0/0 27:48 5:03 3:32
Andrew Kozek 0 0 0 0 0 1 1 0 0 0 1/2 16:32 3:32 1:17
Bobby Farnham 0 0 0 0 0 0 1 0 0 0 1/1 8:31 0:00 0:00
Branko Radivojevic 2 0 2 1 0 3 0 2 4 0 0/6 22:25 4:16 2:55
Brett Sutter 0 1 1 0 0 0 2 0 0 0 6/9 13:19 3:32 0:00
Davis Drewiske 0 1 1 1 0 5 0 0 1 0 0/0 20:54 2:53 2:31
Dmitri Orlov 0 0 0 0 0 0 0 0 0 0 0/0 11:18 0:00 0:00
Eric Mestery 0 0 0 0 2 0 0 2 0 1 0/0 11:17 0:00 0:00
John McCarthy 0 0 0 0 0 1 0 1 0 0 0/0 9:43 0:00 0:00
Joseph Cramarossa 0 0 0 0 2 1 0 0 0 1 0/0 9:39 0:00 0:00
Kenndal McArdle 0 2 2 1 2 1 2 0 2 1 1/2 20:33 4:16 1:47
Marc-André Cliche 0 0 0 0 0 2 1 0 1 1 3/4 9:18 0:08 0:00
Roman Polak 0 0 0 1 0 3 0 0 0 0 0/0 20:54 2:53 2:31
Ryan Shannon 0 0 0 0 2 1 2 0 1 1 0/0 16:25 3:32 1:11
Sean Couturier 0 0 0 1 0 1 1 0 0 0 11/20 15:46 0:08 0:26
Shawn Belle 0 0 0 0 0 2 0 1 0 3 0/0 27:48 5:03 3:32
Tyler Brenner 0 0 0 0 0 1 4 1 0 0 3/10 19:28 4:16 2:59
Players Stats for Gangsters
Player Name G A P +/- PIM S H SB GA TA FO MP PP MP PK MP
------------------------------------------------------------------------------------
Alexandre Bolduc 0 0 0 -1 0 5 1 3 0 1 4/8 18:57 2:53 2:39
Ben Holmstrom 0 0 0 0 0 0 1 0 0 0 1/4 8:05 0:00 1:27
Colten Teubert 1 0 1 -1 2 6 4 3 0 2 0/0 27:26 3:02 3:00
Curtis McKenzie 0 0 0 -1 0 1 1 1 0 0 0/1 17:07 2:53 0:57
Devante Smith-Pelly 0 0 0 -1 0 1 3 0 0 0 0/0 11:36 0:00 0:00
Dougie Hamilton 0 0 0 1 0 1 1 1 0 0 0/0 15:37 0:12 4:20
Matt Delahey 0 0 0 -1 0 1 0 1 0 0 0/0 8:46 1:19 0:00
Maxime Sauvé 1 0 1 -1 0 3 1 1 0 0 1/6 11:58 0:18 0:00
Michael Sdao 0 1 1 0 2 1 2 0 0 1 0/0 20:37 3:01 2:25
Mikko Lehtonen 1 0 1 1 0 3 1 0 0 0 2/3 20:20 3:01 2:26
Nathan Gerbe 0 1 1 1 0 1 0 0 3 2 0/1 22:04 3:01 4:15
Patrik Nemeth 0 1 1 0 0 0 0 0 0 1 0/0 17:38 1:30 1:44
Phil McRae 0 0 0 -1 0 0 0 0 0 0 1/1 4:36 0:51 0:00
Phillip Danault 0 0 0 -1 2 0 2 0 0 0 0/0 11:56 0:09 0:00
Richard Panik 0 0 0 0 0 2 0 1 1 0 2/2 13:41 1:53 0:00
Ryan Johansen 1 1 2 1 0 3 1 1 3 2 17/27 25:25 3:01 4:08
Shaun Heska 0 1 1 -1 0 0 0 2 1 0 0/0 29:08 3:02 4:23
Stefan Noesen 0 0 0 0 2 0 2 0 0 0 0/0 6:19 0:09 0:00
3 Stars
1 - Branko Radivojevic (STB)
2 - Ryan Johansen (Bro)
3 - Alexander Sulzer (STB)
Power Play
Atomiques - 0 on 4 Attempt(s) - 0,00%
Gangsters - 2 on 4 Attempt(s) - 50,00%
Penalty Kill
Atomiques - 2 on 4 Attempt(s) - 50,00%
- Score 0 goal in Penalty Kill
Gangsters - 4 on 4 Attempt(s) - 100,00%
- Score 0 goal in Penalty Kill
Team Stat
Atomiques - Hits : 19 - Faceoff Wins : 26 - Blocked Shots : 9 - Penalty Minutes : 8
Gangsters - Hits : 20 - Faceoff Wins : 28 - Blocked Shots : 14 - Penalty Minutes : 8
Official
Referees : Peel Tim and O'Rourke Dan
Linesman : Bryan Pancich and Mike Cvik
Game Notes
Matt Delahey is injured at 6:03 of 2nd period (Bruised Left Shoulder)
Richard Panik is injured at 11:13 of 3rd period (Sprained Right Finger)
Finance
Level 1 -- Attendance: 1398 (69,90%) -- Ticket Income 48 930 $
Level 2 -- Attendance: 723 (72,30%) -- Ticket Income 10 845 $
Total Attendance: 2121 (70,70%)
Total Ticket Income: 59 775 $
Other Income: 2 989 $
Total Income: 62 764 $
Atomiques
5 vs 5 Forward
Center Left Wing Right Wing Time % Phy DF OF
1 Sean Couturier Kenndal McArdle Branko Radivojevic 40 1 2 2
2 Tyler Brenner Andrew Kozek Ryan Shannon 30 1 2 2
3 Brett Sutter John McCarthy Alex Berry 20 1 2 2
4 Marc-André Cliche Joseph Cramarossa Bobby Farnham 10 1 2 2
5 vs 5 Defense
Defense Defense Time % Phy DF OF
1 Alexander Sulzer Shawn Belle 40 1 2 2
2 Davis Drewiske Roman Polak 30 1 2 2
3 Dmitri Orlov Eric Mestery 20 1 2 2
4 Alexander Sulzer Shawn Belle 10 1 2 2
PowerPlay Forward
Center Left Wing Right Wing Time % Phy DF OF
1 Tyler Brenner Kenndal McArdle Branko Radivojevic 60 1 2 2
2 Brett Sutter Andrew Kozek Ryan Shannon 40 1 2 2
PowerPlay Defense
Defense Defense Time % Phy DF OF
1 Alexander Sulzer Shawn Belle 60 1 2 2
2 Davis Drewiske Roman Polak 40 1 2 2
Penalty Kill 4 Players Forward
Center Wing Time % Phy DF OF
1 Branko Radivojevic Tyler Brenner 60 1 2 2
2 Ryan Shannon Kenndal McArdle 40 1 2 2
Penalty Kill 4 Players Defense
Defense Defense Time % Phy DF OF
1 Alexander Sulzer Shawn Belle 60 1 2 2
2 Davis Drewiske Roman Polak 40 1 2 2
Penalty Kill - 3 Players Forward
Forward Time % Phy DF OF
1 Branko Radivojevic 60 1 2 2
2 Tyler Brenner 40 1 2 2
Penalty Kill - 3 Players Defense
Defense Defense Time % Phy DF OF
1 Alexander Sulzer Shawn Belle 60 1 2 2
2 Davis Drewiske Roman Polak 40 1 2 2
4 vs 4 Forward
Center Wing Time % Phy DF OF
1 Branko Radivojevic Tyler Brenner 60 1 2 2
2 Ryan Shannon Kenndal McArdle 40 1 2 2
4 vs 4 Defense
Defense Defense Time % Phy DF OF
1 Alexander Sulzer Shawn Belle 60 1 2 2
2 Davis Drewiske Roman Polak 40 1 2 2
Last Minutes Offensive
Center Left Wing Right Wing Defense Defense
Tyler Brenner Kenndal McArdle Branko Radivojevic Alexander Sulzer Shawn Belle
Last Minutes Defensive
Center Left Wing Right Wing Defense Defense
Tyler Brenner Kenndal McArdle Branko Radivojevic Alexander Sulzer Shawn Belle
Goaltenders
Starting : Sergei Bobrovsky
Backup : Jeremy Smith
Extra Forwards
Normal : Sean Couturier, Marc-André Cliche, Alex Berry - PP : Sean Couturier, Marc-André Cliche - PK : Alex Berry
Extra Defensemen
Normal : Dmitri Orlov, Eric Mestery, Davis Drewiske - PP : Dmitri Orlov - PK : Eric Mestery, Davis Drewiske
Penalty Shots
Branko Radivojevic, Tyler Brenner, Ryan Shannon, Kenndal McArdle, Brett Sutter
Gangsters
5 vs 5 Forward
Center Left Wing Right Wing Time % Phy DF OF
1 Ryan Johansen Nathan Gerbe Mikko Lehtonen 40 1 2 2
2 Alexandre Bolduc Curtis McKenzie Richard Panik 30 1 2 2
3 Maxime Sauvé Phillip Danault Devante Smith-Pelly 20 1 2 2
4 Ben Holmstrom Ryan Johansen Stefan Noesen 10 1 2 2
5 vs 5 Defense
Defense Defense Time % Phy DF OF
1 Colten Teubert Shaun Heska 40 1 2 2
2 Matt Delahey Michael Sdao 30 1 2 2
3 Patrik Nemeth Dougie Hamilton 20 1 2 2
4 Colten Teubert Shaun Heska 10 1 2 2
PowerPlay Forward
Center Left Wing Right Wing Time % Phy DF OF
1 Ryan Johansen Nathan Gerbe Mikko Lehtonen 60 1 2 2
2 Alexandre Bolduc Curtis McKenzie Richard Panik 40 1 2 2
PowerPlay Defense
Defense Defense Time % Phy DF OF
1 Colten Teubert Shaun Heska 60 1 2 2
2 Matt Delahey Michael Sdao 40 1 2 2
Penalty Kill 4 Players Forward
Center Wing Time % Phy DF OF
1 Ryan Johansen Nathan Gerbe 60 1 2 2
2 Alexandre Bolduc Mikko Lehtonen 40 1 2 2
Penalty Kill 4 Players Defense
Defense Defense Time % Phy DF OF
1 Colten Teubert Shaun Heska 60 1 2 2
2 Matt Delahey Michael Sdao 40 1 2 2
Penalty Kill - 3 Players Forward
Forward Time % Phy DF OF
1 Ryan Johansen 60 1 2 2
2 Nathan Gerbe 40 1 2 2
Penalty Kill - 3 Players Defense
Defense Defense Time % Phy DF OF
1 Colten Teubert Shaun Heska 60 1 2 2
2 Matt Delahey Michael Sdao 40 1 2 2
4 vs 4 Forward
Center Wing Time % Phy DF OF
1 Ryan Johansen Nathan Gerbe 60 1 2 2
2 Alexandre Bolduc Mikko Lehtonen 40 1 2 2
4 vs 4 Defense
Defense Defense Time % Phy DF OF
1 Colten Teubert Shaun Heska 60 1 2 2
2 Matt Delahey Michael Sdao 40 1 2 2
Last Minutes Offensive
Center Left Wing Right Wing Defense Defense
Ryan Johansen Nathan Gerbe Mikko Lehtonen Colten Teubert Shaun Heska
Last Minutes Defensive
Center Left Wing Right Wing Defense Defense
Ryan Johansen Nathan Gerbe Mikko Lehtonen Colten Teubert Shaun Heska
Goaltenders
Starting : Dustin Tokarski
Backup : Mike Condon
Extra Forwards
Normal : Phil McRae, Maxime Sauvé, Ben Holmstrom - PP : Phil McRae, Maxime Sauvé - PK : Ben Holmstrom
Extra Defensemen
Normal : Patrik Nemeth, Dougie Hamilton, Matt Delahey - PP : Patrik Nemeth - PK : Dougie Hamilton, Matt Delahey
Penalty Shots
Ryan Johansen, Nathan Gerbe, Alexandre Bolduc, Mikko Lehtonen, Maxime Sauvé
% Time on Ice - Atomiques
Lines # - Real PCT - Wanted PCT - Time Play
Normal Forward
1 - 31% - 40% - 13:51
2 - 29% - 30% - 13:14
3 - 21% - 20% - 9:43
4 - 19% - 10% - 8:31
Normal Defense
1 - 39% - 40% - 17:30
2 - 34% - 30% - 15:30
3 - 25% - 20% - 11:18
4 - 2% - 10% - 1:01
PP Forward
1 - 55% - 60% - 4:24
2 - 45% - 40% - 3:32
PP Defense
1 - 64% - 60% - 5:03
2 - 36% - 40% - 2:53
PK Forward
1 - 71% - 60% - 4:16
2 - 29% - 40% - 1:47
PK Defense
1 - 58% - 60% - 3:32
2 - 42% - 40% - 2:31
PK3 Forward
1 - 0% - 60%
2 - 0% - 40%
PK3 Defense
1 - 0% - 60%
2 - 0% - 40%
44 Forward
1 - 0% - 60%
2 - 0% - 40%
44 Defense
1 - 0% - 60%
2 - 0% - 40%
Last Minute Offensive - 0:42
Last Minute Defensive - 0:00
Total
Forward - 60:00
Defense - 60:00
|
% Time on Ice - Gangsters
Lines # - Real PCT - Wanted PCT - Time Play
Normal Forward
1 - 32% - 40% - 14:39
2 - 30% - 30% - 13:40
3 - 26% - 20% - 11:48
4 - 11% - 10% - 5:12
Normal Defense
1 - 42% - 40% - 19:00
2 - 34% - 30% - 15:21
3 - 19% - 20% - 8:40
4 - 5% - 10% - 2:18
PP Forward
1 - 50% - 60% - 3:01
2 - 50% - 40% - 3:02
PP Defense
1 - 50% - 60% - 3:02
2 - 50% - 40% - 3:01
PK Forward
1 - 69% - 60% - 5:30
2 - 31% - 40% - 2:26
PK Defense
1 - 55% - 60% - 4:23
2 - 45% - 40% - 3:33
PK3 Forward
1 - 0% - 60%
2 - 0% - 40%
PK3 Defense
1 - 0% - 60%
2 - 0% - 40%
44 Forward
1 - 0% - 60%
2 - 0% - 40%
44 Defense
1 - 0% - 60%
2 - 0% - 40%
Last Minute Offensive - 0:00
Last Minute Defensive - 0:42
Total
Forward - 60:00
Defense - 60:00
|
Play by Play
1st period
0:01 of 1st period - Ryan Johansen wins face-off versus Sean Couturier in neutral zone.
0:04 of 1st period - Slapshot by Mikko Lehtonen.
0:04 of 1st period - Deflect By Ryan Johansen.
0:04 of 1st period - Shot Misses the Net.
0:04 of 1st period - Puck is out of play.
0:05 of 1st period - Ryan Johansen wins face-off versus Sean Couturier in Atomiques zone.
0:52 of 1st period - Slapshot by Brett Sutter.
0:52 of 1st period - Shot Misses the Net.
0:54 of 1st period - Wrist shot by Alex Berry.
0:54 of 1st period - Goal by Alex Berry - Atomiques : 1 - Gangsters : 0.
0:55 of 1st period - Marc-André Cliche wins face-off versus Ben Holmstrom in neutral zone.
2:18 of 1st period - Snap shot by Ryan Shannon.
2:18 of 1st period - Shot Hit the Post.
2:30 of 1st period - Matt Delahey is hit by Alexander Sulzer and loses puck.
2:45 of 1st period - Wrist shot by Richard Panik.
2:45 of 1st period - Shot Blocked by John McCarthy.
3:26 of 1st period - Wrist shot by Richard Panik.
3:26 of 1st period - Stopped by Sergei Bobrovsky with a rebound.
3:28 of 1st period - Slapshot by Matt Delahey.
3:28 of 1st period - Stopped by Sergei Bobrovsky with a rebound.
3:30 of 1st period - Slapshot by Michael Sdao.
3:30 of 1st period - Shot Misses the Net.
3:52 of 1st period - Snap shot by Alexandre Bolduc.
3:52 of 1st period - Stopped by Sergei Bobrovsky with a rebound.
4:19 of 1st period - Snap shot by Alex Berry.
4:19 of 1st period - Stopped by Dustin Tokarski without a rebound.
4:20 of 1st period - Ryan Johansen wins face-off versus Branko Radivojevic in Gangsters zone.
4:47 of 1st period - Colten Teubert is hit by Alexander Sulzer.
5:47 of 1st period - Wrist shot by Andrew Kozek.
5:47 of 1st period - Shot Misses the Net.
5:53 of 1st period - Wrist shot by Ryan Shannon.
5:53 of 1st period - Shot Misses the Net.
6:26 of 1st period - Andrew Kozek is hit by Phillip Danault and loses puck.
9:07 of 1st period - Maxime Sauvé is hit by Tyler Brenner.
9:19 of 1st period - Mikko Lehtonen is hit by Marc-André Cliche.
9:26 of 1st period - Icing by Marc-André Cliche.
9:27 of 1st period - Bobby Farnham wins face-off versus in Atomiques zone.
9:42 of 1st period - Minor Penalty to Kenndal McArdle for Holding.
9:43 of 1st period - Ryan Johansen wins face-off versus Branko Radivojevic in Atomiques zone.
9:48 of 1st period - Snap shot by Nathan Gerbe.
9:48 of 1st period - Deflect By Ryan Johansen.
9:48 of 1st period - Goal by Ryan Johansen - Atomiques : 1 - Gangsters : 1.
9:49 of 1st period - Sean Couturier wins face-off versus Ryan Johansen in neutral zone.
10:21 of 1st period - Wrist shot by Andrew Kozek.
10:21 of 1st period - Shot Misses the Net.
10:23 of 1st period - Slapshot by Alexander Sulzer.
10:23 of 1st period - Stopped by Dustin Tokarski with a rebound.
10:25 of 1st period - Slapshot by Shawn Belle.
10:25 of 1st period - Stopped by Dustin Tokarski with a rebound.
10:35 of 1st period - Wrist shot by Brett Sutter.
10:35 of 1st period - Deflect By Matt Delahey.
10:35 of 1st period - Shot Blocked by Matt Delahey.
10:35 of 1st period - Puck is out of play.
10:36 of 1st period - Brett Sutter wins face-off versus Alexandre Bolduc in Gangsters zone.
10:39 of 1st period - Snap shot by Brett Sutter.
10:39 of 1st period - Shot Blocked by Shaun Heska.
11:02 of 1st period - Sean Couturier is hit by Colten Teubert and loses puck.
11:41 of 1st period - Wrist shot by Alexandre Bolduc.
11:41 of 1st period - Shot Blocked by Shawn Belle.
11:47 of 1st period - Snap shot by Alexandre Bolduc.
11:47 of 1st period - Stopped by Sergei Bobrovsky with a rebound.
12:15 of 1st period - Icing by Michael Sdao.
12:16 of 1st period - Brett Sutter wins face-off versus Ben Holmstrom in Gangsters zone.
12:55 of 1st period - Kenndal McArdle is hit by Maxime Sauvé and loses puck.
13:36 of 1st period - Wrist shot by Ryan Shannon.
13:36 of 1st period - Shot Misses the Net.
13:38 of 1st period - Snap shot by Andrew Kozek.
13:38 of 1st period - Stopped by Dustin Tokarski with a rebound.
13:52 of 1st period - Slapshot by Colten Teubert.
13:52 of 1st period - Shot Blocked by Alex Berry.
14:08 of 1st period - Wrist shot by Marc-André Cliche.
14:08 of 1st period - Stopped by Dustin Tokarski without a rebound.
14:09 of 1st period - Ryan Johansen wins face-off versus Marc-André Cliche in Gangsters zone.
14:14 of 1st period - Slapshot by Davis Drewiske.
14:14 of 1st period - Deflect By Mikko Lehtonen.
14:14 of 1st period - Stopped by Dustin Tokarski without a rebound.
14:15 of 1st period - Mikko Lehtonen wins face-off versus Tyler Brenner in Gangsters zone.
14:15 of 1st period - Mikko Lehtonen is hit by Tyler Brenner.
14:45 of 1st period - Wrist shot by Alexandre Bolduc.
14:45 of 1st period - Stopped by Sergei Bobrovsky with a rebound.
14:47 of 1st period - Wrist shot by Alexandre Bolduc.
14:47 of 1st period - Deflect By Branko Radivojevic.
14:47 of 1st period - Shot Blocked by Branko Radivojevic.
14:47 of 1st period - Puck is out of play.
14:48 of 1st period - Sean Couturier wins face-off versus Mikko Lehtonen in Atomiques zone.
15:14 of 1st period - Andrew Kozek is hit by Colten Teubert and loses puck.
16:24 of 1st period - Snap shot by Maxime Sauvé.
16:24 of 1st period - Shot Hit the Post.
16:26 of 1st period - Slapshot by Devante Smith-Pelly.
16:26 of 1st period - Shot Misses the Net.
16:28 of 1st period - Wrist shot by Devante Smith-Pelly.
16:28 of 1st period - Shot Misses the Net.
16:58 of 1st period - Shaun Heska is hit by Alexander Sulzer and loses puck.
17:42 of 1st period - Wrist shot by Ryan Shannon.
17:42 of 1st period - Shot Blocked by Ryan Johansen.
18:06 of 1st period - Off-side.
18:07 of 1st period - Alexandre Bolduc wins face-off versus Brett Sutter in neutral zone.
18:10 of 1st period - Slapshot by Colten Teubert.
18:10 of 1st period - Stopped by Sergei Bobrovsky without a rebound.
18:11 of 1st period - Brett Sutter wins face-off versus Alexandre Bolduc in Atomiques zone.
18:25 of 1st period - Off-side.
18:26 of 1st period - Ryan Johansen wins face-off versus Sean Couturier in neutral zone.
18:29 of 1st period - Snap shot by Ryan Johansen.
18:29 of 1st period - Stopped by Sergei Bobrovsky without a rebound.
18:30 of 1st period - Mikko Lehtonen wins face-off versus Sean Couturier in Atomiques zone.
19:13 of 1st period - Wrist shot by Kenndal McArdle.
19:13 of 1st period - Deflect By Branko Radivojevic.
19:13 of 1st period - Shot Misses the Net.
19:13 of 1st period - Puck is out of play.
19:14 of 1st period - Alexandre Bolduc wins face-off versus Tyler Brenner in Gangsters zone.
19:27 of 1st period - Snap shot by Tyler Brenner.
19:27 of 1st period - Deflect By Ryan Shannon.
19:27 of 1st period - Stopped by Dustin Tokarski with a rebound.
Goals for this period are 1 for Atomiques vs 1 for Gangsters.
Shots for this period are 8 for Atomiques vs 8 for Gangsters.
2nd period
0:01 of 2nd period - Ryan Johansen wins face-off versus Sean Couturier in neutral zone.
0:36 of 2nd period - Slapshot by Colten Teubert.
0:36 of 2nd period - Shot Blocked by Tyler Brenner.
0:48 of 2nd period - Slapshot by Brett Sutter.
0:48 of 2nd period - Shot Blocked by Alexandre Bolduc.
0:50 of 2nd period - Slapshot by Alexander Sulzer.
0:50 of 2nd period - Stopped by Dustin Tokarski without a rebound.
0:51 of 2nd period - Ryan Johansen wins face-off versus Brett Sutter in Gangsters zone.
1:04 of 2nd period - Wrist shot by Ryan Johansen.
1:04 of 2nd period - Shot Misses the Net.
1:13 of 2nd period - Patrik Nemeth is hit by Brett Sutter and loses puck.
1:50 of 2nd period - Snap shot by Nathan Gerbe.
1:50 of 2nd period - Stopped by Sergei Bobrovsky with a rebound.
1:52 of 2nd period - Wrist shot by Mikko Lehtonen.
1:52 of 2nd period - Stopped by Sergei Bobrovsky without a rebound.
1:53 of 2nd period - Sean Couturier wins face-off versus Maxime Sauvé in Atomiques zone.
1:53 of 2nd period - Sean Couturier is hit by Devante Smith-Pelly.
2:19 of 2nd period - Minor Penalty to Eric Mestery for Slashing.
2:20 of 2nd period - Richard Panik wins face-off versus Branko Radivojevic in Atomiques zone.
3:18 of 2nd period - Icing by Matt Delahey.
3:19 of 2nd period - Andrew Kozek wins face-off versus Ryan Johansen in Gangsters zone.
4:19 of 2nd period - Penalty to Eric Mestery is over, Eric Mestery is back on ice.
4:31 of 2nd period - Alexander Sulzer is hit by Colten Teubert and loses puck.
4:40 of 2nd period - Snap shot by Dougie Hamilton.
4:40 of 2nd period - Stopped by Sergei Bobrovsky with a rebound.
4:42 of 2nd period - Wrist shot by Phillip Danault.
4:42 of 2nd period - Shot Misses the Net.
4:54 of 2nd period - Wrist shot by Marc-André Cliche.
4:54 of 2nd period - Stopped by Dustin Tokarski without a rebound.
4:55 of 2nd period - Marc-André Cliche wins face-off versus Ben Holmstrom in Gangsters zone.
4:56 of 2nd period - Slapshot by Davis Drewiske.
4:56 of 2nd period - Stopped by Dustin Tokarski with a rebound.
4:58 of 2nd period - Snap shot by Joseph Cramarossa.
4:58 of 2nd period - Stopped by Dustin Tokarski with a rebound.
5:00 of 2nd period - Slapshot by Roman Polak.
5:00 of 2nd period - Stopped by Dustin Tokarski with a rebound.
5:02 of 2nd period - Slapshot by Davis Drewiske.
5:02 of 2nd period - Stopped by Dustin Tokarski with a rebound.
5:04 of 2nd period - Wrist shot by Marc-André Cliche.
5:04 of 2nd period - Shot Misses the Net.
5:06 of 2nd period - Slapshot by Davis Drewiske.
5:06 of 2nd period - Stopped by Dustin Tokarski without a rebound.
5:07 of 2nd period - Ryan Johansen wins face-off versus Sean Couturier in Gangsters zone.
5:14 of 2nd period - Wrist shot by Kenndal McArdle.
5:14 of 2nd period - Shot Blocked by Colten Teubert.
5:16 of 2nd period - Snap shot by Sean Couturier.
5:16 of 2nd period - Shot Misses the Net.
5:18 of 2nd period - Slapshot by Sean Couturier.
5:18 of 2nd period - Shot Misses the Net.
5:32 of 2nd period - Tyler Brenner is hit by Colten Teubert.
6:02 of 2nd period - Matt Delahey is hit by Brett Sutter and loses puck.
6:03 of 2nd period - Matt Delahey from Gangsters is injured at 6:03 of 2nd period (Bruised Left Shoulder).
6:04 of 2nd period - Kenndal McArdle wins face-off versus Ryan Johansen in Gangsters zone.
6:31 of 2nd period - Snap shot by Richard Panik.
6:31 of 2nd period - Stopped by Sergei Bobrovsky with a rebound.
6:52 of 2nd period - Eric Mestery is hit by Ryan Johansen and loses puck.
7:21 of 2nd period - Minor Penalty to Phillip Danault for Tripping.
7:22 of 2nd period - Ryan Johansen wins face-off versus Tyler Brenner in Gangsters zone.
7:34 of 2nd period - Slapshot by Alexander Sulzer.
7:34 of 2nd period - Stopped by Dustin Tokarski with a rebound.
9:21 of 2nd period - Penalty to Phillip Danault is over, Phillip Danault is back on ice.
9:28 of 2nd period - Backhand shot by Shaun Heska.
9:28 of 2nd period - Deflect By Nathan Gerbe.
9:28 of 2nd period - Shot Misses the Net.
9:28 of 2nd period - Puck is out of play.
9:29 of 2nd period - Marc-André Cliche wins face-off versus Maxime Sauvé in Atomiques zone.
9:42 of 2nd period - Snap shot by Devante Smith-Pelly.
9:42 of 2nd period - Deflect By Eric Mestery.
9:42 of 2nd period - Shot Misses the Net.
9:42 of 2nd period - Puck is out of play.
9:43 of 2nd period - Sean Couturier wins face-off versus Curtis McKenzie in Atomiques zone.
10:10 of 2nd period - Wrist shot by Ryan Shannon.
10:10 of 2nd period - Shot Misses the Net.
10:14 of 2nd period - Wrist shot by Ryan Shannon.
10:14 of 2nd period - Shot Hit the Post.
10:16 of 2nd period - Slapshot by Tyler Brenner.
10:16 of 2nd period - Deflect By Ryan Shannon.
10:16 of 2nd period - Shot Blocked by Dougie Hamilton.
10:16 of 2nd period - Puck is out of play.
10:17 of 2nd period - Sean Couturier wins face-off versus Ryan Johansen in Gangsters zone.
10:33 of 2nd period - Shaun Heska is hit by Sean Couturier and loses puck.
10:44 of 2nd period - Richard Panik is hit by Ryan Shannon and loses puck.
11:24 of 2nd period - Alex Berry is hit by Stefan Noesen and loses puck.
12:01 of 2nd period - Snap shot by Ryan Johansen.
12:01 of 2nd period - Shot Misses the Net.
12:03 of 2nd period - Slapshot by Michael Sdao.
12:03 of 2nd period - Shot Misses the Net.
12:07 of 2nd period - Snap shot by Mikko Lehtonen.
12:07 of 2nd period - Goal by Mikko Lehtonen - Atomiques : 1 - Gangsters : 2.
12:08 of 2nd period - Sean Couturier wins face-off versus Alexandre Bolduc in neutral zone.
12:13 of 2nd period - Wrist shot by Branko Radivojevic.
12:13 of 2nd period - Shot Blocked by Alexandre Bolduc.
12:21 of 2nd period - Wrist shot by Branko Radivojevic.
12:21 of 2nd period - Goal by Branko Radivojevic - Atomiques : 2 - Gangsters : 2.
12:22 of 2nd period - Sean Couturier wins face-off versus Ryan Johansen in neutral zone.
12:25 of 2nd period - Slapshot by Alexander Sulzer.
12:25 of 2nd period - Stopped by Dustin Tokarski with a rebound.
12:27 of 2nd period - Slapshot by Branko Radivojevic.
12:27 of 2nd period - Shot Misses the Net.
12:29 of 2nd period - Wrist shot by Branko Radivojevic.
12:29 of 2nd period - Stopped by Dustin Tokarski with a rebound.
12:31 of 2nd period - Slapshot by Shawn Belle.
12:31 of 2nd period - Shot Misses the Net.
12:33 of 2nd period - Snap shot by Sean Couturier.
12:33 of 2nd period - Stopped by Dustin Tokarski with a rebound.
12:35 of 2nd period - Wrist shot by Kenndal McArdle.
12:35 of 2nd period - Shot Misses the Net.
12:37 of 2nd period - Wrist shot by Kenndal McArdle.
12:37 of 2nd period - Shot Misses the Net.
12:56 of 2nd period - Snap shot by Alexandre Bolduc.
12:56 of 2nd period - Stopped by Sergei Bobrovsky with a rebound.
13:17 of 2nd period - Snap shot by Brett Sutter.
13:17 of 2nd period - Shot Misses the Net.
13:19 of 2nd period - Wrist shot by John McCarthy.
13:19 of 2nd period - Shot Blocked by Maxime Sauvé.
13:29 of 2nd period - Eric Mestery is hit by Stefan Noesen and loses puck.
14:07 of 2nd period - Minor Penalty to Michael Sdao for Interference.
14:08 of 2nd period - Ryan Johansen wins face-off versus Tyler Brenner in Gangsters zone.
14:08 of 2nd period - Ryan Johansen is hit by Kenndal McArdle.
14:57 of 2nd period - Ryan Johansen is hit by Ryan Shannon and loses puck.
15:10 of 2nd period - Wrist shot by Ryan Shannon.
15:10 of 2nd period - Shot Misses the Net.
15:12 of 2nd period - Wrist shot by Shawn Belle.
15:12 of 2nd period - Stopped by Dustin Tokarski with a rebound.
15:14 of 2nd period - Slapshot by Alexander Sulzer.
15:14 of 2nd period - Deflect By Mikko Lehtonen.
15:14 of 2nd period - Stopped by Dustin Tokarski without a rebound.
15:15 of 2nd period - Ryan Johansen wins face-off versus Branko Radivojevic in Gangsters zone.
15:15 of 2nd period - Ryan Johansen is hit by Tyler Brenner.
15:57 of 2nd period - Tyler Brenner is hit by Mikko Lehtonen and loses puck.
16:07 of 2nd period - Penalty to Michael Sdao is over, Michael Sdao is back on ice.
16:11 of 2nd period - Icing by Shawn Belle.
16:12 of 2nd period - Maxime Sauvé wins face-off versus Tyler Brenner in Atomiques zone.
16:13 of 2nd period - Slapshot by Colten Teubert.
16:13 of 2nd period - Shot Misses the Net.
16:15 of 2nd period - Slapshot by Colten Teubert.
16:15 of 2nd period - Stopped by Sergei Bobrovsky without a rebound.
16:16 of 2nd period - Brett Sutter wins face-off versus Maxime Sauvé in Atomiques zone.
16:16 of 2nd period - Brett Sutter is hit by Devante Smith-Pelly.
17:27 of 2nd period - Snap shot by Maxime Sauvé.
17:27 of 2nd period - Shot Blocked by Alexander Sulzer.
17:29 of 2nd period - Slapshot by Michael Sdao.
17:29 of 2nd period - Deflect By Maxime Sauvé.
17:29 of 2nd period - Shot Misses the Net.
17:29 of 2nd period - Puck is out of play.
17:30 of 2nd period - Sean Couturier wins face-off versus Maxime Sauvé in Atomiques zone.
17:30 of 2nd period - Sean Couturier is hit by Phillip Danault.
18:13 of 2nd period - Snap shot by Devante Smith-Pelly.
18:13 of 2nd period - Shot Blocked by Branko Radivojevic.
18:15 of 2nd period - Snap shot by Michael Sdao.
18:15 of 2nd period - Shot Blocked by Eric Mestery.
18:17 of 2nd period - Slapshot by Patrik Nemeth.
18:17 of 2nd period - Deflect By Devante Smith-Pelly.
18:17 of 2nd period - Stopped by Sergei Bobrovsky with a rebound.
18:19 of 2nd period - Slapshot by Michael Sdao.
18:19 of 2nd period - Stopped by Sergei Bobrovsky with a rebound.
18:21 of 2nd period - Snap shot by Maxime Sauvé.
18:21 of 2nd period - Stopped by Sergei Bobrovsky with a rebound.
18:23 of 2nd period - Slapshot by Patrik Nemeth.
18:23 of 2nd period - Shot Misses the Net.
18:25 of 2nd period - Slapshot by Michael Sdao.
18:25 of 2nd period - Deflect By Devante Smith-Pelly.
18:25 of 2nd period - Shot Misses the Net.
18:25 of 2nd period - Puck is out of play.
18:26 of 2nd period - Tyler Brenner wins face-off versus Ryan Johansen in Atomiques zone.
18:52 of 2nd period - Shaun Heska is hit by Bobby Farnham and loses puck.
19:56 of 2nd period - Slapshot by Mikko Lehtonen.
19:56 of 2nd period - Stopped by Sergei Bobrovsky with a rebound.
Goals for this period are 1 for Atomiques vs 1 for Gangsters.
Shots for this period are 14 for Atomiques vs 11 for Gangsters.
3rd period
0:01 of 3rd period - Ryan Johansen wins face-off versus Sean Couturier in neutral zone.
0:26 of 3rd period - Alexander Sulzer is hit by Alexandre Bolduc and loses puck.
0:47 of 3rd period - Slapshot by Roman Polak.
0:47 of 3rd period - Deflect By Dougie Hamilton.
0:47 of 3rd period - Stopped by Dustin Tokarski without a rebound.
0:48 of 3rd period - Brett Sutter wins face-off versus Maxime Sauvé in Gangsters zone.
0:57 of 3rd period - Devante Smith-Pelly is hit by Alexander Sulzer.
1:13 of 3rd period - Dougie Hamilton is hit by Alexander Sulzer and loses puck.
1:20 of 3rd period - Wrist shot by Branko Radivojevic.
1:20 of 3rd period - Shot Misses the Net.
1:22 of 3rd period - Backhand shot by Kenndal McArdle.
1:22 of 3rd period - Shot Misses the Net.
1:36 of 3rd period - Marc-André Cliche is hit by Michael Sdao and loses puck.
1:41 of 3rd period - Slapshot by Richard Panik.
1:41 of 3rd period - Shot Blocked by Eric Mestery.
1:43 of 3rd period - Snap shot by Curtis McKenzie.
1:43 of 3rd period - Shot Misses the Net.
1:45 of 3rd period - Slapshot by Colten Teubert.
1:45 of 3rd period - Shot Misses the Net.
2:43 of 3rd period - Snap shot by John McCarthy.
2:43 of 3rd period - Stopped by Dustin Tokarski without a rebound.
2:44 of 3rd period - Richard Panik wins face-off versus Brett Sutter in Gangsters zone.
2:53 of 3rd period - Slapshot by Colten Teubert.
2:53 of 3rd period - Deflect By Shawn Belle.
2:53 of 3rd period - Stopped by Sergei Bobrovsky with a rebound.
3:38 of 3rd period - Snap shot by Tyler Brenner.
3:38 of 3rd period - Shot Misses the Net.
4:25 of 3rd period - Snap shot by Kenndal McArdle.
4:25 of 3rd period - Stopped by Dustin Tokarski with a rebound.
4:27 of 3rd period - Wrist shot by Kenndal McArdle.
4:27 of 3rd period - Shot Blocked by Shaun Heska.
4:29 of 3rd period - Wrist shot by Kenndal McArdle.
4:29 of 3rd period - Shot Blocked by Colten Teubert.
4:31 of 3rd period - Snap shot by Roman Polak.
4:31 of 3rd period - Stopped by Dustin Tokarski with a rebound.
5:05 of 3rd period - Slapshot by Colten Teubert.
5:05 of 3rd period - Stopped by Sergei Bobrovsky with a rebound.
5:07 of 3rd period - Slapshot by Colten Teubert.
5:07 of 3rd period - Goal by Colten Teubert - Atomiques : 2 - Gangsters : 3.
5:08 of 3rd period - Alexandre Bolduc wins face-off versus Kenndal McArdle in neutral zone.
5:33 of 3rd period - Ryan Johansen is hit by Andrew Kozek.
5:42 of 3rd period - Slapshot by Colten Teubert.
5:42 of 3rd period - Stopped by Sergei Bobrovsky with a rebound.
5:48 of 3rd period - Minor Penalty to Ryan Shannon for Roughing.
5:49 of 3rd period - Ryan Johansen wins face-off versus Branko Radivojevic in Atomiques zone.
5:50 of 3rd period - Snap shot by Nathan Gerbe.
5:50 of 3rd period - Shot Misses the Net.
7:48 of 3rd period - Penalty to Ryan Shannon is over, Ryan Shannon is back on ice.
8:05 of 3rd period - Eric Mestery is hit by Devante Smith-Pelly and loses puck.
8:32 of 3rd period - Minor Penalty to Stefan Noesen for High sticking.
8:33 of 3rd period - Tyler Brenner wins face-off versus Ryan Johansen in Gangsters zone.
9:29 of 3rd period - Icing by Brett Sutter.
9:30 of 3rd period - Brett Sutter wins face-off versus Ryan Johansen in Atomiques zone.
10:32 of 3rd period - Penalty to Stefan Noesen is over, Stefan Noesen is back on ice.
10:46 of 3rd period - Backhand shot by Devante Smith-Pelly.
10:46 of 3rd period - Shot Misses the Net.
11:13 of 3rd period - Snap shot by Branko Radivojevic.
11:13 of 3rd period - Shot Blocked by Richard Panik.
11:13 of 3rd period - Richard Panik from Gangsters is injured at 11:13 of 3rd period (Sprained Right Finger).
11:14 of 3rd period - Sean Couturier wins face-off versus Nathan Gerbe in Gangsters zone.
11:29 of 3rd period - Wrist shot by Ryan Johansen.
11:29 of 3rd period - Shot Misses the Net.
11:44 of 3rd period - Backhand shot by Alexandre Bolduc.
11:44 of 3rd period - Stopped by Sergei Bobrovsky with a rebound.
12:01 of 3rd period - Icing by Shawn Belle.
12:02 of 3rd period - Ben Holmstrom wins face-off versus Andrew Kozek in Atomiques zone.
12:26 of 3rd period - Snap shot by Tyler Brenner.
12:26 of 3rd period - Stopped by Dustin Tokarski with a rebound.
12:28 of 3rd period - Slapshot by Shawn Belle.
12:28 of 3rd period - Shot Blocked by Curtis McKenzie.
12:30 of 3rd period - Snap shot by Andrew Kozek.
12:30 of 3rd period - Shot Blocked by Alexandre Bolduc.
12:32 of 3rd period - Slapshot by Alexander Sulzer.
12:32 of 3rd period - Deflect By Shaun Heska.
12:32 of 3rd period - Stopped by Dustin Tokarski with a rebound.
12:47 of 3rd period - Icing by Shaun Heska.
12:48 of 3rd period - Sean Couturier wins face-off versus Alexandre Bolduc in Gangsters zone.
12:51 of 3rd period - Slapshot by Kenndal McArdle.
12:51 of 3rd period - Shot Misses the Net.
12:53 of 3rd period - Snap shot by Kenndal McArdle.
12:53 of 3rd period - Shot Blocked by Colten Teubert.
12:55 of 3rd period - Snap shot by Davis Drewiske.
12:55 of 3rd period - Stopped by Dustin Tokarski with a rebound.
12:57 of 3rd period - Wrist shot by Branko Radivojevic.
12:57 of 3rd period - Goal by Branko Radivojevic - Atomiques : 3 - Gangsters : 3.
12:58 of 3rd period - Sean Couturier wins face-off versus Ryan Johansen in neutral zone.
13:04 of 3rd period - Minor Penalty to Colten Teubert for Hooking.
13:05 of 3rd period - Ryan Johansen wins face-off versus Tyler Brenner in Gangsters zone.
13:54 of 3rd period - Alexandre Bolduc is hit by Tyler Brenner and loses puck.
14:27 of 3rd period - Davis Drewiske is hit by Ben Holmstrom and loses puck.
15:00 of 3rd period - Alexander Sulzer is hit by Dougie Hamilton and loses puck.
15:04 of 3rd period - Penalty to Colten Teubert is over, Colten Teubert is back on ice.
16:29 of 3rd period - Icing by Alex Berry.
16:30 of 3rd period - Phil McRae wins face-off versus Sean Couturier in Atomiques zone.
16:31 of 3rd period - Wrist shot by Curtis McKenzie.
16:31 of 3rd period - Stopped by Sergei Bobrovsky with a rebound.
16:40 of 3rd period - Icing by Roman Polak.
16:41 of 3rd period - Ryan Johansen wins face-off versus Sean Couturier in Atomiques zone.
16:52 of 3rd period - Roman Polak is hit by Michael Sdao and loses puck.
17:18 of 3rd period - Minor Penalty to Joseph Cramarossa for Hooking.
17:19 of 3rd period - Alexandre Bolduc wins face-off versus Branko Radivojevic in Atomiques zone.
17:23 of 3rd period - Snap shot by Alexandre Bolduc.
17:23 of 3rd period - Shot Misses the Net.
17:33 of 3rd period - Tyler Brenner is hit by Curtis McKenzie.
18:06 of 3rd period - Michael Sdao is hit by Kenndal McArdle and loses puck.
19:15 of 3rd period - Snap shot by Maxime Sauvé.
19:15 of 3rd period - Stopped by Sergei Bobrovsky with a rebound.
19:17 of 3rd period - Wrist shot by Maxime Sauvé.
19:17 of 3rd period - Goal by Maxime Sauvé - Atomiques : 3 - Gangsters : 4.
19:18 of 3rd period - Tyler Brenner wins face-off versus Ryan Johansen in neutral zone.
19:39 of 3rd period - Backhand shot by Ryan Johansen.
19:39 of 3rd period - Stopped by Sergei Bobrovsky without a rebound.
19:40 of 3rd period - Cory Clouston call a timeout for Atomiques.
19:40 of 3rd period - Ryan Johansen wins face-off versus Tyler Brenner in Atomiques zone.
Goals for this period are 1 for Atomiques vs 2 for Gangsters.
Shots for this period are 8 for Atomiques vs 9 for Gangsters.
Back to the Top